Map: Blackburn LE

Players

PtitDrogo - Winner!

  • Race: Protoss Protoss
  • League: Master

IIIIIIIII

  • Race: Terran Terran
  • League: Grandmaster

VOD

Have the link to the VOD?

Description

Time

  • Played on: March 3, 2022, 12:11 p.m.
  • Length: 11:10
Show
View Real Time Build Order
Export as new Build Order

PtitDrogo Protoss - Winner!

Build Orders: 1 Gate Expand, Phoenix Opening 

Get SALT Encoding   

  12  0:00  Probe  
  13  0:12  Probe  
  14  0:17  Pylon  
  14  0:25  Probe (Chrono Boost)  
  15  0:36  Gateway  
  15  0:37  Probe (Chrono Boost)  
  16  0:45  Probe (Chrono Boost)  
  16  0:46  Assimilator  
  17  0:51  Probe  
  18  1:03  Probe  
  19  1:15  Probe  
  20  1:28  Cybernetics Core  
  20  1:36  Nexus  
  20  1:41  Pylon  
  20  1:43  Probe  
  21  1:49  Assimilator  
  21  1:56  Probe (Chrono Boost)  
  21  2:04  Adept  
  21  2:08  Probe (Chrono Boost)  
  24  2:14  Probe (Chrono Boost)  
  25  2:18  Stargate  
  25  2:22  Probe (Chrono Boost)  
  26  2:25  Warp Gate  
  26  2:32  Probe (Chrono Boost)  
  26  2:34  Adept  
  29  2:38  Probe (Chrono Boost)  
  30  2:48  Probe (Chrono Boost)  
  32  2:55  Probe (Chrono Boost)  
  32  2:57  Probe (Chrono Boost)  
  33  3:01  Phoenix (Chrono Boost)  
  33  3:02  Probe x2 (Chrono Boost)  
  33  3:05  Adept  
  39  3:10  Pylon  
  39  3:14  Probe  
  39  3:15  Probe  
  41  3:21  Phoenix (Chrono Boost)  
  41  3:26  Probe  
  44  3:28  Probe  
  44  3:31  Assimilator  
  45  3:38  Probe  
  45  3:41  Probe, Phoenix (Chrono Boost)  
  46  3:45  Assimilator  
  49  3:50  Probe  
  49  3:51  Gateway  
  48  3:58  Probe  
  48  4:02  Phoenix (Chrono Boost)  
  51  4:05  Robotics Facility  
  51  4:09  Pylon, Probe  
  52  4:10  Probe  
  53  4:21  Pylon, Probe  
  54  4:26  Phoenix (Chrono Boost)  
  54  4:27  Probe  
  54  4:29  Pylon  
  57  4:33  Probe  
  58  4:40  Probe  
  59  4:46  Probe  
  59  4:52  Probe  
  61  4:53  Observer (Chrono Boost)  
  61  4:58  Robotics Bay, Probe  
  62  5:04  Probe  
  62  5:07  Nexus  
  63  5:08  Pylon  
  63  5:12  Observer (Chrono Boost)  
  63  5:13  Twilight Council, Probe  
  65  5:18  Probe (Chrono Boost)  
  66  5:23  Forge  
  67  5:29  Probe (Chrono Boost)  
  67  5:30  Probe (Chrono Boost)  
  67  5:34  Immortal (Chrono Boost)  
  72  5:35  Sentry  
  72  5:38  Probe (Chrono Boost)  
  72  5:39  Shield Battery  
  72  5:40  Probe (Chrono Boost)  
  76  5:44  Probe  
  76  5:49  Pylon, Probe, Charge  
  78  5:53  Protoss Ground Weapons Level 1 (Chrono Boost)  
  78  5:56  Extended Thermal Lance  
  78  5:57  Probe  
  79  6:06  Pylon  
  79  6:09  Colossus (Chrono Boost)  
  85  6:12  Probe  
  85  6:15  Observer  
  85  6:16  Probe  
  87  6:22  Gateway x2  
  87  6:24  Probe  
  90  6:34  Photon Cannon  
  90  6:39  Sentry  
  92  6:41  Zealot  
  92  6:44  Gateway  
  92  6:47  Colossus (Chrono Boost), Gateway  
  98  6:59  Shield Battery  
  98  7:01  Shield Battery  
  98  7:04  Gateway  
  98  7:06  Stalker x2  
  102  7:14  Probe x2  
  104  7:18  Zealot x2  
  107  7:26  Blink  
  97  7:30  Observer  
  97  7:32  Probe x2  
  97  7:34  Assimilator x2  
  97  7:35  Gateway  
  97  7:36  Zealot x2  
  105  7:37  Probe  
  105  7:38  Pylon, Gateway  
  105  7:39  Pylon  
  105  7:43  Zealot x2  
  105  7:44  Zealot  
  111  7:48  Colossus (Chrono Boost)  
  109  7:51  Probe  
  109  7:54  Photon Cannon, Protoss Ground Weapons Level 2 (Chrono Boost)  
  116  8:08  Stalker x5  
  126  8:17  Pylon  
  126  8:24  Zealot  
  126  8:26  Assimilator  
  128  8:35  Zealot x6  
  140  8:42  Pylon  
  140  8:43  Pylon  
  140  8:44  Pylon  
  140  8:45  Pylon  
  140  9:08  Probe  
  140  9:13  Zealot x8  
  140  9:16  Templar Archives  
  156  9:21  Nexus  
  156  9:23  Pylon  
  132  9:40  Stalker  
  132  9:41  Stalker x8  
  126  9:53  Warp Prism (Chrono Boost)  
  128  10:04  High Templar x5  
  128  10:05  High Templar  
  128  10:06  High Templar x2  
  144  10:08  Zealot  
  144  10:10  Archon x3  
  144  10:11  Archon  
  146  10:19  Probe  
  146  10:20  Probe, Disruptor (Chrono Boost)  
  148  10:23  Pylon  
  148  10:26  Photon Cannon  
  150  10:29  Zealot  
  149  10:38  Stalker x5  
  159  10:50  Zealot x4  
  159  10:54  Probe x2  
  168  11:04  Zealot x4  
  168  11:05  Zealot  
Show
View Real Time Build Order
Export as new Build Order

IIIIIIIII Terran 

Build Orders:  

Get SALT Encoding   

  12  0:00  SCV  
  13  0:12  SCV  
  14  0:17  Supply Depot  
  14  0:24  SCV  
  15  0:38  SCV  
  15  0:39  Barracks  
  16  0:43  Refinery  
  16  0:50  SCV  
  17  1:03  SCV  
  18  1:15  SCV  
  18  1:27  Orbital Command, Marine  
  19  1:41  Command Center  
  19  1:53  SCV  
  20  1:59  Factory  
  20  2:02  Barracks Reactor  
  20  2:05  SCV  
  21  2:11  Supply Depot  
  21  2:15  Refinery  
  21  2:17  SCV  
  22  2:29  SCV  
  23  2:41  SCV  
  23  2:43  Starport  
  24  2:49  Hellion x2  
  28  2:53  SCV  
  28  2:57  Orbital Command  
  29  3:08  Armory  
  29  3:12  Widow Mine  
  31  3:14  Orbital Command, Widow Mine  
  31  3:17  SCV  
  34  3:25  Medivac  
  36  3:29  SCV  
  36  3:33  Supply Depot  
  37  3:38  Widow Mine x2  
  37  3:41  SCV  
  42  3:42  SCV  
  43  3:53  SCV  
  43  3:54  SCV  
  45  3:56  Supply Depot  
  45  3:58  Viking  
  47  4:05  SCV  
  47  4:07  SCV  
  49  4:11  Factory Tech Lab  
  49  4:12  Marine x2  
  49  4:15  Supply Depot  
  51  4:17  SCV  
  51  4:20  Barracks  
  51  4:21  SCV  
  53  4:29  Cyclone, SCV  
  57  4:33  SCV  
  57  4:34  Barracks  
  57  4:36  Marine x2  
  60  4:41  SCV  
  60  4:45  SCV  
  56  4:51  Engineering Bay  
  56  4:52  Refinery  
  52  4:54  Marine x2, Supply Depot, SCV  
  52  4:56  Starport Tech Lab  
  55  5:01  SCV  
  55  5:07  Supply Depot, SCV  
  55  5:14  SCV  
  58  5:17  Stimpack, Marine  
  58  5:18  Factory Reactor  
  58  5:19  SCV  
  58  5:21  Terran Infantry Weapons Level 1, Missile Turret  
  56  5:25  Missile Turret  
  56  5:26  SCV, Starport Reactor  
  57  5:31  Marine x2, SCV  
  57  5:33  Combat Shield  
  60  5:38  Marauder  
  60  5:41  Supply Depot  
  60  5:42  Marauder  
  64  5:46  Refinery  
  64  5:49  Marine, Supply Depot  
  65  5:54  Marine  
  65  5:55  Widow Mine x2  
  70  6:01  Marauder  
  70  6:03  Marauder  
  74  6:06  Medivac  
  74  6:08  Medivac  
  74  6:09  Marine  
  79  6:11  Marine  
  79  6:12  Supply Depot  
  79  6:17  Widow Mine x2  
  84  6:24  Marauder  
  86  6:26  Marine  
  86  6:27  Marine  
  86  6:29  Marine  
  86  6:30  Missile Turret  
  89  6:35  Supply Depot  
  89  6:38  Medivac x2  
  93  6:40  Widow Mine  
  93  6:41  Widow Mine  
  93  6:45  Marine  
  100  6:47  Marine, Marauder x2  
  103  6:56  Supply Depot  
  103  7:05  Widow Mine x2, Marine  
  103  7:06  Marine, Command Center  
  109  7:15  Viking x2  
  108  7:28  Marine x2, Barracks x2  
  106  7:30  Marauder  
  106  7:32  SCV x2  
  110  7:38  Terran Infantry Armor Level 1  
  110  7:43  Widow Mine x2  
  114  7:44  SCV x2  
  114  7:47  Marauder  
  114  7:49  Marine  
  117  7:53  Marine  
  117  7:56  SCV  
  115  8:00  SCV  
  115  8:03  Marauder  
  118  8:08  SCV  
  118  8:09  Engineering Bay, Marine  
  118  8:12  Widow Mine  
  122  8:15  SCV, Missile Turret  
  122  8:18  Medivac  
  125  8:24  Orbital Command  
  124  8:28  SCV x2  
  124  8:32  Barracks Tech Lab, Barracks Reactor  
  124  8:36  Marauder x2  
  124  8:40  Terran Infantry Weapons Level 2  
  128  8:42  SCV  
  129  8:51  SCV x2  
  129  8:52  Viking  
  129  8:55  SCV  
  130  8:57  Viking  
  130  9:03  Marine x2  
  130  9:05  SCV  
  130  9:07  Marine x3  
  130  9:09  SCV x2  
  132  9:17  SCV  
  132  9:18  Marine x2  
  132  9:22  Refinery  
  132  9:23  Refinery  
  132  9:25  SCV x2  
  132  9:26  Starport  
  132  9:28  Marine x2, Marauder x2  
  133  9:31  Viking  
  133  9:32  SCV  
  133  9:33  Marauder  
  133  9:36  Marine  
  133  9:38  Marine  
  110  9:46  Marine x2, SCV  
  110  9:49  Marauder x2  
  110  9:51  Medivac  
  119  9:53  Marine  
  119  9:55  Marauder  
  119  9:57  SCV x2  
  119  9:58  Marine  
  125  10:03  SCV  
  125  10:06  Medivac x2  
  128  10:07  Viking  
  128  10:09  SCV x2  
  132  10:16  SCV  
  132  10:20  Marauder x2, Command Center  
  133  10:22  Marine x2  
  133  10:28  Marine  
  135  10:29  Marine x2  
  135  10:31  SCV  
  135  10:34  SCV  
  140  10:40  Supply Depot  
  140  10:44  Supply Depot  
  140  10:53  Ghost Academy  
  148  11:00  Supply Depot  
Tags
 
Add a new tag
Caveats
  • Supply blocks, unpowered buildings, or Contaminate may cause inaccurate times.
  • Supply counts are checked every 10 seconds.